 Dungeon Crawl Stone Soup version 0.29-a0-121-g8efb068a30 (webtiles) character file.

Game seed: 8105595384177349452

730 cyrus the Poker (level 7, 0/37 HPs)
             Began as a Vine Stalker Fighter on Feb 21, 2022.
             Was a Priest of Qazlal.
             Killed by nerve-wracking pain
             ... invoked by an orc priest
              (4 damage)
             ... on level 5 of the Dungeon.
             The game lasted 00:11:54 (5459 turns).

cyrus the Poker (Vine Stalker Fighter)              Turns: 5459, Time: 00:11:55

Health: 0/37       AC: 10    Str: 18    XL:     7   Next: 73%
Magic:  0/8        EV:  7    Int: 10    God:    Qazlal [***...]
Gold:   172        SH:  9    Dex: 14    Spells: 6/6 levels left

rFire   x . .      SeeInvis .   a - +0 trident
rCold   + . .      Faith    .   c - +0 buckler
rNeg    . . .      Spirit   +   r - +0 chain mail
rPois   .          Reflect  .   (no helmet)
rElec   .          Harm     .   q - +0 cloak
rCorr   .          Rampage  .   (no gloves)
Will    .....                   (no boots)
Stlth   ..........              (no amulet)
HPRegen 0.92/turn               i - ring of ice
MPRegen 0.11/turn               (no ring)

@: no status effects
A: fangs 2, regeneration 1, magic shield, antimagic bite, no potion heal 2
a: Renounce Religion, Upheaval, Elemental Force


You were on level 5 of the Dungeon.
You worshipped Qazlal.
Qazlal was most pleased with you.
You visited 1 branch of the dungeon, and saw 5 of its levels.

You collected 172 gold pieces.

Inventory:

Hand Weapons
 a - a +0 trident (weapon)
Armour
 b - a +0 scale mail
 c - a +0 buckler (worn)
 q - a +0 cloak (worn)
 r - a +0 chain mail (worn)
Jewellery
 i - a ring of ice (left hand)
 t - a ring of protection from cold
Scrolls
 f - a scroll of acquirement {unknown}
 k - 3 scrolls of noise {unknown}
 l - a scroll of magic mapping {unknown}
 o - a scroll of identify {unknown}
 p - a scroll of amnesia {unknown}
Potions
 d - a potion of curing {unknown}
 e - a potion of cancellation {unknown}
 g - a potion of degeneration {unknown}
 h - a potion of flight {unknown}
 j - a potion of haste {unknown}
 m - 2 potions of ambrosia {unknown}
 n - a potion of mutation {unknown}
 s - a potion of attraction {unknown}
 u - a potion of lignification {unknown}


   Skills:
 + Level 3.8 Fighting
 + Level 4.5 Polearms
 + Level 4.2 Armour
 + Level 1.4 Dodging
 + Level 1.1 Stealth
 + Level 4.3 Shields


You had 6 spell levels left.
You didn't know any spells.
Your spell library contained the following spells:

 Spells                   Type           Power      Damage    Failure   Level
 Foxfire                  Conj/Fire      0%         2x1d4     99%         1
 Conjure Flame            Conj/Fire      0%         6-21      100%        3
 Frozen Ramparts          Ice            0%         1d2       100%        3
 Ignite Poison            Fire/Tmut/Pois 0%         N/A       100%        3
 Inner Flame              Hex/Fire       0%         N/A       100%        3
 Stone Arrow              Conj/Erth      0%         3d7       100%        3
 Animate Armour           Summ/Erth      0%         N/A       100%        4
 Flame Wave               Conj/Fire      0%         2d4       100%        4
 Ice Form                 Ice/Tmut       0%         N/A       100%        4
 Sticky Flame             Conj/Fire      0%         2d3       100%        4
 Summon Ice Beast         Ice/Summ       0%         N/A       100%        4
 Lehudib's Crystal Spear  Conj/Erth      0%         10d2      100%        8


Dungeon Overview and Level Annotations

Branches:
Dungeon (5/15)
 Temple: D:4-7

Altars:
Ashenzari
Elyvilon
Gozag
Qazlal

Annotations:
D:4 3 runed translucent doors, lunkers's ghost, amateur FoFi


Innate Abilities, Weirdness & Mutations

You have extremely sharp teeth.
Your natural rate of healing is unusually fast.
When hurt, damage is shared between your health and your magic reserves.
Your bite disrupts and absorbs the magic of your enemies.
Potions cannot restore your health.


Message History

The orc priest miscasts a cantrip.
You hit the orc. Your bite misses the orc.
The orc is lightly wounded.
The orc priest calls upon Beogh to heal the orc.
The orc's wounds heal themselves!
The orc hits you with a +0 flail.
The orc priest looks satisfied for a moment.
An orc comes into view. It is wielding a +0 whip.
You hit the orc.
The orc is almost dead.
The orc hits you but does no damage.
You see here a +0 mace.
The orc barely misses you.
The orc priest hits you but does no damage.
Things that are here:
a +0 short sword; a kobold skeleton You hit the orc.
You kill the orc!
Qazlal accepts your kill.
The orc priest hits you but does no damage.
You hit the orc priest. You bite the orc priest. You drain its power.
You feel invigorated.
The orc priest is lightly wounded.
The orc priest calls upon Beogh to heal the orc priest.
The orc priest's wounds heal themselves!
The orc priest invokes the aid of Beogh against you.
Beogh smites you!
The orc priest invokes the aid of Beogh against you.
Beogh smites you!
The orc priest hits you with a +0 flail.
You hit the orc priest.
The orc priest is lightly wounded.
The orc priest mumbles some strange prayers to Beogh against you.
Beogh smites you!
* * * LOW HITPOINT WARNING * * *
The orc priest hits you but does no damage.
The orc priest hits you with a +0 hand axe.
* * * LOW HITPOINT WARNING * * *
The orc priest mumbles some strange prayers to Beogh against you.
Pain shoots through your body!
You die...

####..###..........#
#.[....#♣♣.♣♣#..#
#.###### ♣.♣ ##<#
##.## ##.# #.#
#...######..## #..
####.##........#
####
........#.###.o#
####.####.#
#oo######### #.# #.#
#)o§@....... #.# #.#
##.))....... #.# #.#
##########. #.# #.#
#.# #.# .. #.#


You could see 2 orc priests and an orc.

Vanquished Creatures
  An ice beast (D:5)
  2 ogres (D:4)
  A kobold brigand (D:5)
  A water moccasin skeleton (D:4)
  3 orc priests
  A centaur skeleton (D:4)
  2 orc wizards
  2 hound skeletons (D:4)
  5 adders
  An adder skeleton (D:4)
  3 worms
  2 dart slugs
  13 orcs
  6 ball pythons
  9 bats
  10 endoplasms
  5 giant cockroaches
  6 goblins
  3 hobgoblins
  6 jackals
  7 kobolds
  7 quokkas
  A frilled lizard (D:1)
  5 rats
102 creatures vanquished.

Vanquished Creatures (others)
  A quokka (D:3)
1 creature vanquished.

Grand Total: 103 creatures vanquished

Notes
Turn   | Place    | Note
-------+----------+-------------------------------------------
     0 | D:1      | cyrus the Vine Stalker Fighter began the quest for the Orb.
     0 | D:1      | Reached XP level 1. HP: 11/11 MP: 2/2
    84 | D:1      | Reached XP level 2. HP: 8/16 MP: 1/3
   250 | D:1      | Found a faded altar of an unknown god.
   261 | D:1      | Prayed at the altar of an unknown god.
   261 | D:1      | Became a worshipper of Qazlal Stormbringer
   261 | D:1      | Reached * piety under Qazlal
   830 | D:1      | Reached XP level 3. HP: 20/20 MP: 4/4
  1049 | D:1      | Reached ** piety under Qazlal
  1714 | D:2      | Gained mutation: Your natural rate of healing is unusually
                  | fast. [Vine Stalker growth]
  1714 | D:2      | Reached XP level 4. HP: 24/24 MP: 5/5
  2559 | D:3      | Reached XP level 5. HP: 22/28 MP: 4/6
  3047 | D:3      | Noticed a fire elemental
  3049 | D:3      | Found a stormy altar of Qazlal.
  3051 | D:3      | Noticed an air elemental
  3051 | D:3      | Noticed a water elemental
  3094 | D:3      | Found a white marble altar of Elyvilon.
  3463 | D:3      | Found a broken altar of Ashenzari.
  3463 | D:3      | Found an opulent altar of Gozag.
  3916 | D:4      | Noticed an ogre
  3947 | D:4      | Reached skill level 1 in Dodging
  3947 | D:4      | Reached XP level 6. HP: 5/32 MP: 2/7
  3959 | D:4      | Noticed lunkers's ghost (amateur FoFi)
  3970 | D:4      | Reached *** piety under Qazlal
  3975 | D:4      | Reached skill level 1 in Stealth
  4127 | D:4      | Noticed an ice beast
  4252 | D:4      | Found a runed translucent gate.
  4252 | D:4      | Found a runed translucent gate.
  4252 | D:4      | Found a runed translucent gate.
  4431 | D:4      | Reached XP level 7. HP: 21/36 MP: 8/8
  5107 | D:5      | Entered Level 5 of the Dungeon
  5459 | D:5      | Killed from afar by an orc priest

Illustrated notes

Levels and vault maps discovered:
D:1:      nzn_arrival_crosshair, layout_basic,
          shapermc_ecumenical_altar_mp_highgroup
D:2:      layout_basic
D:3:      layout_basic, nicolae_qazlal_style_of_elements, elyvilon_altar_4,
          grunt_temple_overflow_open, serial_glass, glass_columns_a,
          glass_columns_a
D:4:      layout_loops_cross, gammafunk_ghost_icy
D:5:      layout_loops_ring, serial_shops, nicolae_take_the_stairs,
          minmay_tree_intersection, uniq_prince_ribbit1, uniq_sigmund

Skill      XL: |  1  2  3  4  5  6  7 |
---------------+----------------------+-----
Fighting       | 3 |  3.8
Polearms       | 2 3 4 |  4.5
Shields        | 3 4 |  4.3
Armour         | 3 4 |  4.2
Dodging        | 1 |  1.4
Stealth        | 1 |  1.1

Action                   |  1- 3 |  4- 6 |  7- 9 || total
-------------------------+-------+-------+-------++-------
Melee: Trident           |    96 |   147 |    70 ||   313
       Bite              |    18 |    44 |    25 ||    87
  Use: Potion            |       |     2 |       ||     2
Armor: Scale mail        |    79 |    67 |       ||   146
       Chain mail        |       |     5 |    35 ||    40
Dodge: Dodged            |    79 |    54 |    19 ||   152
Block: Buckler           |    46 |    73 |    27 ||   146

Table legend: (Time is in decaauts)
 A = Elapsed time spent in this place.
 B = Non-inter-level travel time spent in this place.
 C = Inter-level travel time spent in this place.
 D = Time resting spent in this place.
 E = Time spent auto-exploring this place.
 F = Levels seen in this place.
 G = Mean time per level.
                   A        B        C        D        E       F      G
               +--------+--------+--------+--------+--------+-----+--------+
         Total |   5518 |   5431 |     87 |   2103 |   2217 |   5 | 1103.6 |
       Dungeon |   5518 |   5431 |     87 |   2103 |   2217 |   5 | 1103.6 |
               +--------+--------+--------+--------+--------+-----+--------+

Top non-repeatable levels by time:
     D:1: 1660 daAuts
     D:3: 1372 daAuts
     D:4: 1210 daAuts
     D:2: 917 daAuts
     D:5: 357 daAuts
